 Dungeon Crawl Stone Soup version 0.21.1-1-g345015f (webtiles) character file.

136 Matador8 the Poker (level 5, 0/38 HPs)
             Began as a Merfolk Skald on Apr 18, 2018.
             Slain by Baghtru's ghost (6 damage)
             ... on level 3 of the Dungeon.
             The game lasted 00:13:17 (2017 turns).

Matador8 the Poker (Merfolk Skald)                  Turns: 2017, Time: 00:13:19

Health: 0/38       AC:  5    Str: 11    XL:     5   Next: 19%
Magic:  8/8        EV: 12    Int: 13    God:
Gold:   146        SH:  0    Dex: 14    Spells: 2/8 levels left

rFire    . . .     SeeInvis .   a - +0 spear
rCold    . . .     Gourm    .   (no shield)
rNeg     . . .     Faith    .   b - +0 leather armour
rPois    .         Spirit   .   (no helmet)
rElec    .         Reflect  .   (no cloak)
rCorr    .         Harm     .   o - +1 pair of gloves
MR       .....                  (no boots)
Stlth    +.........             (no amulet)
HPRegen  0.12/turn              (no ring)
MPRegen  0.11/turn              (no ring)

@: no status effects
A: change form in water, swift swim, stealthy swim
a: no special abilities


You were on level 3 of the Dungeon.
You were hungry.

You visited 1 branch of the dungeon, and saw 3 of its levels.

You collected 146 gold pieces.

Inventory:

Hand Weapons
 a - a +0 spear (weapon)
Armour
 b - a +0 leather armour (worn)
 k - a cursed +0 robe
 o - a +1 pair of gloves (worn)
Scrolls
 f - 2 scrolls of remove curse {unknown}
 h - 7 scrolls of identify {unknown}
 l - a scroll of amnesia {unknown}
 m - a scroll of random uselessness {unknown}
 n - a scroll of teleportation {unknown}
 p - a scroll of fog {unknown}
 q - a scroll of fear {unknown}
Potions
 e - a potion of mutation {unknown}
 g - a potion of ambrosia {unknown}
 i - a potion of lignification {unknown}
 j - a potion of curing {unknown}
 r - a potion of haste {unknown}
Books
 c - a book of Battle

   Spells                             Type                      Level
   a - Infusion                       Charms                       1
   b - Shroud of Golubria             Charms/Translocation         2
   c - Song of Slaying                Charms                       2
   d - Spectral Weapon                Hexes/Charms                 3
   e - Regeneration                   Charms/Necromancy            3
Comestibles
 d - 9 rations


   Skills:
 - Level 2.1 Fighting
 + Level 6.2 Polearms
 - Level 0.6 Armour
 - Level 2.6 Dodging
 - Level 2.0 Spellcasting
 + Level 1.9 Hexes
 - Level 4.0 Charms


You had 2 spell levels left.
You knew the following spells:

 Your Spells              Type           Power        Failure   Level  Hunger
a - Infusion              Chrm           ##..         6%          1    ##.....
b - Shroud of Golubria    Chrm/Tloc      #.........   22%         2    ###....
c - Spectral Weapon       Hex/Chrm       #.......     30%         3    ####...


Dungeon Overview and Level Annotations

Branches:
Dungeon (3/15)

Altars:
Makhleb
Qazlal
Yredelemnul
The Shining One

Annotations:
D:2 1 exclusion
D:3 Baghtru's ghost, amateur HOFi


Message History

The kobold hits you with an enchanted short sword.
* * * LOW HITPOINT WARNING * * *
Something hits the plant.
You hit the plant but do no damage. Baghtru's ghost hits you.
* * * LOW HITPOINT WARNING * * *
The kobold closely misses you.
Something completely misses the plant.
You hit the plant.
The plant is lightly damaged.
Baghtru's ghost barely misses you.
You hit the plant but do no damage.
The plant is lightly damaged.
Something hits the plant but does no damage.
The kobold closely misses you. Baghtru's ghost closely misses you.
You hit the plant but do no damage.
The plant is lightly damaged.
The kobold hits you with an enchanted short sword.
* * * LOW HITPOINT WARNING * * *
Something hits the plant but does no damage.
Baghtru's ghost hits you.
You die...

#.# #...#####.###....
#.# #................
#.#####...#######..#...
#....##.### ####.##
#....##.# # #######...#
#<...#### ##......#...#
#....#### A#._....+...+
#.♣≈≈P♣.# ##......#...#
#))♣≈P@W# # #######...#
#..≈≈P♣K######## ##.##
#....#.g.......# #.#
#...##.........# #.#
##.##♣♣........# #.##
#.##≈≈≈......## #(W.
#.#.≈≈P.......# ####
#......#.≈≈♣(......#
##.
...........P♣.......#
#>K


You could see Baghtru's ghost, a hobgoblin and a kobold.

Vanquished Creatures
  A crimson imp (D:2)
  A hound (D:2)
  2 adders
  An ooze (D:3)
  A dart slug (D:1)
  3 leopard geckos
  An orc (D:3)
  2 giant cockroaches
  5 goblins
  6 hobgoblins
  A quokka (D:2)
  6 bats
  4 frilled lizards
  3 kobolds
  2 rats
39 creatures vanquished.

Notes
Turn   | Place    | Note
-------+----------+-------------------------------------------
     0 | D:1      | Matador8 the Merfolk Skald began the quest for the Orb.
     0 | D:1      | Reached XP level 1. HP: 16/16 MP: 3/3
   295 | D:1      | Reached XP level 2. HP: 7/22 MP: 5/5
   682 | D:1      | Reached skill level 4 in Polearms
   810 | D:2      | Reached XP level 3. HP: 27/27 MP: 6/6
   825 | D:1      | Learned a level 2 spell: Shroud of Golubria
   829 | D:1      | Learned a level 3 spell: Spectral Weapon
   846 | D:2      | Reached skill level 5 in Polearms
   846 | D:2      | Reached XP level 4. HP: 18/33 MP: 7/7
  1321 | D:2      | Reached skill level 1 in Hexes
  1483 | D:2      | Found a stormy altar of Qazlal.
  1634 | D:2      | Reached skill level 6 in Polearms
  1634 | D:2      | Reached XP level 5. HP: 33/38 MP: 8/8
  1763 | D:3      | Found a burning altar of Makhleb.
  1876 | D:3      | Found a glowing golden altar of the Shining One.
  1878 | D:3      | Noticed an angel
  1886 | D:3      | Found a basalt altar of Yredelemnul.
  1888 | D:3      | Noticed a profane servitor
  1929 | D:3      | Noticed Baghtru's ghost (amateur HOFi)
  2017 | D:3      | Slain by Baghtru's ghost

Skill      XL: |  1  2  3  4 |
---------------+-------------+-----
Polearms       | 4 5 6 |  6.2
Charms         | 4 |  4.0
Hexes          | 1 |  1.9
Fighting       | |  2.1
Armour         | |  0.6
Dodging        | |  2.6
Spellcasting   | |  2.0

Action                   |  1- 3 |  4- 6 || total
-------------------------+-------+-------++-------
Melee: Spear             |    85 |   174 ||   259
       Tailslap          |       |     1 ||     1
 Cast: Infusion          |     1 |     5 ||     6
 Stab: Sleeping          |     1 |     1 ||     2
  Eat: Chunk             |       |     3 ||     3
Armor: Leather armour    |    15 |    33 ||    48
Dodge: Dodged            |    42 |    82 ||   124
